 Dungeon Crawl Stone Soup version 0.17-a0-1951-g62301d3 (webtiles) character file.

763 RobertPalmer the Martial Artist (level 7, -1/35 HPs)
             Began as a Vine Stalker Chaos Knight on Oct 3, 2015.
             Slain by an orc warrior
             ... wielding a +0 battleaxe
              (10 damage)
             ... on level 6 of the Dungeon.
             The game lasted 00:12:01 (3399 turns).

RobertPalmer the Martial Artist (VSCK)              Turns: 3399, Time: 00:12:01

Health: -1/35      AC:  8    Str: 22    XL:     7   Next: 81%
Magic:  0/8        EV: 11    Int: 12    God:    Xom [...*..]
Gold:   171        SH:  0    Dex: 15    Spells: 0 memorised, 6 levels left

rFire  . . .     SeeInvis .       - Unarmed
rCold  . . .     Clarity  .     a - +2 leather armour
rNeg   . . .     SustAt   .     (no shield)
rPois  .         Gourm    .     (helmet restricted)
rElec  .         Spirit   +     n - +0 cloak
rCorr  .         Warding  .     k - +0 pair of gloves
rMut   .         Stasis   .     c - +0 pair of boots
MR     .....                    (no amulet)
Stlth  +.........               (no ring)
                                (no ring)

@: mighty, slowed, very slow, not resistant to hostile enchantments, very
unstealthy
A: fangs 2, horns 1, regeneration 2, strong 1, magic shield, antimagic bite, no
device heal 3, rot immunity
a: Renounce Religion


You were on level 6 of the Dungeon.
You worshipped Xom.
You were a favourite toy of Xom.
You were very hungry.

You visited 1 branch of the dungeon, and saw 6 of its levels.

You collected 171 gold pieces.

Inventory:

Armour
 a - a +2 leather armour (worn)
 c - a +0 pair of boots (worn)
   (You found it on level 4 of the Dungeon)
 k - a +0 pair of gloves (worn)
   (You found it on level 6 of the Dungeon)
 n - a +0 cloak (worn)
   (You found it on level 7 of the Dungeon)
Scrolls
 d - a scroll of remove curse
 j - a scroll of vulnerability {!r!r}
Potions
 e - a potion of heal wounds {unknown}
 h - a potion of resistance
Books
 i - a book of the Sky
   (You found it on level 3 of the Dungeon)
Comestibles
 b - 4 bread rations {@e1}
 f - 2 slices of pizza
 g - 2 meat rations {@e2}
 l - a fruit


   Skills:
 - Level 2.6 Fighting
 - Level 1.5 Armour
 - Level 0.7 Dodging
 + Level 9.0 Unarmed Combat


You had 6 spell levels left.
You didn't know any spells.

Dungeon Overview and Level Annotations

Branches:
Dungeon (7/15)
 Temple: D:4-7

Altars:
Cheibriados
Fedhas
Gozag
Qazlal
Vehumet
Xom
Yredelemnul


Innate Abilities, Weirdness & Mutations

You have extremely sharp teeth.
You heal very quickly.
When hurt, damage is shared between your health and your magic reserves.
Your bite disrupts and absorbs the magic of your enemies.
Potions and wands cannot restore your health.
You are immune to rotting.
You have a pair of small horns on your head.
Your muscles are strong. (Str +2)


Message History

You barely miss the giant frog skeleton.
You headbutt the giant frog skeleton! You bite the giant frog skeleton.
You drain its power.
The giant frog skeleton hits you but does no damage.
You hit the giant frog skeleton.
Your headbutt misses the giant frog skeleton.
You bite the giant frog skeleton. You drain its power.
You destroy the giant frog skeleton!
No target in view!
No target in view!
No target in view!
You are feeling very hungry.
You see here a coppery potion.
You see here a coppery potion.
You are now a favourite toy of Xom.
Unknown command.
An orc wizard comes into view. It is wielding a dagger.
The orc wizard shouts!
An orc wizard is nearby!
An orc wizard is nearby!
An orc wizard is nearby!
An orc priest comes into view. It is wielding a short sword.
An orc warrior and a skeleton come into view.
The orc warrior shouts!
The orc priest shouts!
The orc wizard gestures wildly while chanting.
The orc wizard seems to speed up.
An orc comes into view.
The orc shouts!
You hear a shout!
Unknown command.
The orc wizard gestures at you while chanting.
You feel yourself slow down.
The orc priest miscasts a cantrip.
The orc wizard hits you but does no damage.
The orc wizard hits you but does no damage.
The orc wizard hits you but does no damage.
The orc wizard closely misses you. The orc wizard casts a spell at you.
You easily resist.
The orc wizard casts a spell.
The orc wizard blinks!
The orc wizard points at you and mumbles some strange words.
You easily resist.
The orc wizard barely misses you.
You punch the orc wizard! You headbutt the orc wizard.
Your bite misses the orc wizard.
The orc wizard gestures at you while chanting.
You feel as though you will be slow longer.
The orc wizard mumbles some strange words.
The orc wizard blinks!
The orc wizard closely misses you.
You miss the orc wizard. You bite the orc wizard.
The orc wizard's magic leaks into the air.
You drain its magic.
You kill the orc wizard!
Your Unarmed Combat skill increases to level 9! "Serve the toy, my child!"
Something hits your white imp!!
Your white imp dies!
The orc priest hits you but does no damage.
You closely miss the orc priest. You headbutt the orc priest.
You bite the orc priest, but do no damage.
The orc priest hits you with a short sword.
You take 4 damage, and have 31/35 hp.
You now have 7/8 mp.
You punch the orc priest! The orc priest completely misses you.
The orc warrior misses you.
You closely miss the orc priest. The orc priest barely misses you.
The orc warrior hits you with a battleaxe!
You take 8 damage, and have 24/35 hp.
MASSIVE DAMAGE!!
You now have 5/8 mp.
Unknown command.
Things that are here:
a dagger; a robe; an orc corpse The orc hits you but does no damage.
The orc barely misses you.
You see here a coppery potion.
Drink which item? (? for menu, Esc to quit)
You feel very mighty all of a sudden.
You punch the orc warrior! Your headbutt misses the orc warrior.
Your bite misses the orc warrior.
The orc warrior hits you with a battleaxe!
You take 10 damage, and have 19/35 hp.
MASSIVE DAMAGE!!
You now have 4/8 mp.
You hit the orc warrior. Your headbutt misses the orc warrior.
You bite the orc warrior, but do no damage.
The orc warrior hits you with a battleaxe!
* * * LOW HITPOINT WARNING * * *
You take 11 damage, and have 8/35 hp.
MASSIVE DAMAGE!!
You now have 1/8 mp.
Drink which item? (? for menu, Esc to quit)
Okay, then.
Read which item? (? for menu, Esc to quit)
Okay, then.
You completely miss the orc warrior. You headbutt the orc warrior!
Your bite misses the orc warrior.
The orc warrior hits you with a battleaxe!
You die...
Xom howls with laughter!

#.## ##.........
##.####..... ....
#..........# ###.
#####.o...##...## #..
#...o##...###...###.#
##...###..##....##.##
#.##o###.......#.###
#.##o# ##..##....#
###@## #....##### ###
######


You could see an orc warrior and an orc.

Vanquished Creatures
  A hippogriff (D:4)
  Menkaure (D:7)
  An ogre (D:6)
  A giant frog skeleton (D:6)
  A hound (D:3)
  2 iguanas (D:7)
  2 orc priests (D:4)
  Jessica (D:2)
  3 orc wizards
  8 adders
  A shadow imp (D:7)
  2 adder skeletons (D:4)
  2 worms (D:2)
  5 giant geckos
  8 orcs
  3 ball pythons
  A giant cockroach (D:4)
  5 goblins
  4 hobgoblins
  7 jackals
  3 kobolds
  3 quokkas (D:4)
  11 bats
  4 giant newts
  A jackal skeleton (D:4)
  5 rats
86 creatures vanquished.

Notes
Turn   | Place    | Note
--------------------------------------------------------------
     0 | D:1      | RobertPalmer the Vine Stalker Chaos Knight began the quest for the Orb.
     0 | D:1      | Reached XP level 1. HP: 11/11 MP: 2/2
   182 | D:1      | XOM: harmless Tloc miscast
   383 | D:1      | XOM: give mutations
   383 | D:1      | Gained mutation: Your muscles are strong. (Str +2) [Xom's grace]
   383 | D:1      | Gained mutation: You have a pair of small horns on your head. [Xom's grace]
   559 | D:1      | Reached XP level 2. HP: 16/16 MP: 3/3
   578 | D:1      | XOM: medium Chrm miscast
   810 | D:1      | XOM: vitrification
   875 | D:1      | XOM: polymorph hobgoblin -> giant gecko
  1018 | D:1      | XOM: silly message
  1107 | D:2      | Reached skill level 4 in Unarmed Combat
  1120 | D:2      | Reached XP level 3. HP: 14/19 MP: 1/4
  1337 | D:2      | Reached XP level 4. HP: 23/23 MP: 5/5
  1337 | D:2      | XOM: divination: detect items
  1384 | D:2      | Reached skill level 5 in Unarmed Combat
  1402 | D:2      | XOM: divination: detect items
  1520 | D:2      | Found a shimmering altar of Xom.
  1520 | D:2      | Noticed Jessica
  1521 | D:2      | Found a stormy altar of Qazlal.
  1523 | D:2      | Killed Jessica
  1523 | D:2      | Reached XP level 5. HP: 27/27 MP: 6/6
  2014 | D:3      | XOM: harmless Chrm miscast
  2039 | D:4      | XOM: divination: detect creatures
  2087 | D:3      | XOM is BORED!
  2087 | D:3      | XOM: harmless Conj miscast
  2113 | D:4      | Reached skill level 6 in Unarmed Combat
  2121 | D:4      | XOM: potion effect (haste)
  2156 | D:4      | Noticed a hippogriff
  2167 | D:4      | Killed a hippogriff
  2167 | D:4      | Reached skill level 7 in Unarmed Combat
  2167 | D:4      | Gained mutation: You heal very quickly. [Vine Stalker growth]
  2167 | D:4      | Reached XP level 6. HP: 27/32 MP: 7/7
  2200 | D:4      | XOM: colour smoke trail
  2301 | D:4      | XOM: harmless Pois miscast
  2350 | D:4      | XOM: smoke on damage
  2428 | D:4      | XOM: butterfly on damage
  2466 | D:4      | XOM: divination: magic mapping
  2490 | D:4      | XOM: enchant monster (good)
  2492 | D:4      | Reached XP level 7. HP: 28/35 MP: 8/8
  2557 | D:4      | You fall through a shaft for 3 floors!
  2635 | D:7      | Found a snail-covered altar of Cheibriados.
  2674 | D:7      | Noticed Menkaure
  2678 | D:7      | XOM: cast spell 'Stoneskin'
  2683 | D:7      | Killed Menkaure
  2683 | D:7      | Reached skill level 8 in Unarmed Combat
  2870 | D:7      | Noticed a green ugly thing
  2889 | D:7      | XOM: cast spell 'Dispersal'
  2896 | D:7      | Found an opulent altar of Gozag.
  2898 | D:7      | XOM: confuse monster(s)
  2903 | D:7      | Found a basalt altar of Yredelemnul.
  2906 | D:7      | Found a blossoming altar of Fedhas.
  2928 | D:7      | XOM: potion effect (might)
  2952 | D:7      | XOM: potion effect (haste)
  3187 | D:6      | Found a radiant altar of Vehumet.
  3387 | D:6      | Reached skill level 9 in Unarmed Combat
  3387 | D:6      | XOM: summons friendly white imp
  3398 | D:6      | HP: 8/35 [orc warrior/battleaxe (12)]
  3399 | D:6      | Slain by an orc warrior

Vault maps used:
D:1:      wheals_arrival_shading
D:2:      gammafunk_temple_overflow_pools, uniq_jessica
D:3:      first_bread
D:4:      minmay_temple_entry_from_below_a
D:6:      old_standard_altar, old_standard_altar, nemelex_diamond_rough_becter
D:7:      lemuel_ice_spiral_2, cheibrodos_worm_habitat,
          minmay_overflow_temple_star_quad, uniq_menkaure

Action                   |  1- 3 |  4- 6 |  7- 9 || total
-------------------------+-------+-------+-------++-------
Melee: Unarmed           |    88 |   136 |    43 ||   267
  Use: Scroll            |     2 |     4 |     3 ||     9
       Potion            |       |       |     2 ||     2
 Stab: Sleeping          |     1 |       |       ||     1
       Paralysed         |       |     2 |       ||     2
  Eat: Chunk             |     1 |     4 |     2 ||     7

Vault maps used:
D:1:      wheals_arrival_shading
D:2:      gammafunk_temple_overflow_pools, uniq_jessica
D:3:      first_bread
D:4:      minmay_temple_entry_from_below_a
D:6:      old_standard_altar, old_standard_altar, nemelex_diamond_rough_becter
D:7:      lemuel_ice_spiral_2, cheibrodos_worm_habitat,
          minmay_overflow_temple_star_quad, uniq_menkaure

Table legend:
 A = Turns spent in this place as a percentage of turns spent in the entire game.
 B = Non-inter-level travel turns spent in this place as a percentage of non-inter-level travel turns spent in the entire game.
 C = Inter-level travel turns spent in this place as a percentage of turns spent in this place.
 D = Turns resting spent in this place as a percentage of non-inter-level travel turns spent in this place.
 E = Turns spent auto-exploring this place as a percentage of non-inter-level travel turns spent in this place.
 F = Non-inter-level travel turns spent in this place divided by the number of levels of this place that you've seen.
                   A       B       C       D       E      F
               +-------+-------+-------+-------+-------+----------------------
         Total | 100.0 | 100.0 |   0.4 |   2.2 |   9.7 | 202.0
       Dungeon | 100.0 | 100.0 |   0.4 |   2.2 |   9.7 | 202.0
               +-------+-------+-------+-------+-------+----------------------

Table legend:
 A = Kills in this place as a percentage of kills in entire the game.
 B = Kills by you in this place as a percentage of kills by you in the entire game.
 C = Kills by friends in this place as a percentage of kills by friends in the entire game.
 D = Other kills in this place as a percentage of other kills in the entire game.
 E = Experience gained in this place as a percentage of experience gained in the entire game.
 F = Experience gained in this place divided by the number of levels of this place that you have seen.
                   A       B       C       D       E      F
               +-------+-------+-------+-------+-------+----------------------
         Total | 100.0 | 100.0 |  -nan |  -nan | 100.0 | 181.8
       Dungeon | 100.0 | 100.0 |  -nan |  -nan | 100.0 | 181.8
               +-------+-------+-------+-------+-------+----------------------
